 Dungeon Crawl Stone Soup version 0.26-a0-834-g69557b85cc (webtiles) character file.

Game seed: 4116220158383996538

23 robertstho the Firebug (level 2, -1/15 HPs)
             Began as a Deep Elf Fire Elementalist on Nov 16, 2020.
             Killed from afar by Sigmund (7 damage)
             ... with a magic dart
             ... on level 2 of the Dungeon.
             The game lasted 00:01:34 (982 turns).

robertstho the Firebug (Deep Elf Fire Elementalist)  Turns: 982, Time: 00:01:35

Health: -1/15      AC:  2    Str:  5    XL:     2   Next: 72%
Magic:  0/8        EV: 13    Int: 19    God:
Gold:   41         SH:  0    Dex: 15    Spells: 6/7 levels left

rFire    . . .     SeeInvis .   c - +0 dagger
rCold    . . .     Faith    .   (no shield)
rNeg     . . .     Spirit   .   a - +0 robe
rPois    .         Reflect  .   (no helmet)
rElec    .         Harm     .   (no cloak)
rCorr    .         Rampage  .   (no gloves)
MR       .....                  (no boots)
Stlth    ++........             (no amulet)
HPRegen  0.05/turn              g - ring of flight
MPRegen  0.11/turn              (no ring)

@: very slightly contaminated
A: no striking features
a: Evoke Flight


You were on level 2 of the Dungeon.
You visited 1 branch of the dungeon, and saw 2 of its levels.

You collected 41 gold pieces.

Inventory:

Hand Weapons
 c - a +0 dagger (weapon)
Armour
 a - a +0 robe (worn)
Jewellery
 g - a ring of flight (left hand)
Scrolls
 b - a scroll of fog {unknown}
 d - a scroll of magic mapping {unknown}
 e - a scroll of remove curse {unknown}
 f - a scroll of enchant armour {unknown}


   Skills:
 + Level 2.8 Dodging
 + Level 2.4 Stealth
 * Level 3.3 Spellcasting
 + Level 1.2 Conjurations
 * Level 4.0 Fire Magic


You had 6 spell levels left.
You knew the following spells:

 Your Spells              Type           Power        Failure   Level
a - Foxfire               Conj/Fire      ##..         4%          1

Your spell library contained the following spells:

 Spells                   Type           Power        Failure   Level
 Conjure Flame            Conj/Fire      ##......     16%         3
 Inner Flame              Hex/Fire       ##......     19%         3
 Sticky Flame             Conj/Fire      ##......     45%         4
 Fireball                 Conj/Fire      ##........   80%         5


Dungeon Overview and Level Annotations

Branches:
Dungeon (2/15)

Altars:

Annotations:
D:2 Sigmund


Message History

Unknown command.
Casting: Foxfire (safe; 4% risk of failure)
Confirm with . or Enter, or press ? or * to list all spells.
You conjure some foxfire!
The foxfire hits something.
Something hits you.
Unknown command.
Casting: Foxfire (safe; 4% risk of failure)
Confirm with . or Enter, or press ? or * to list all spells.
You miscast Foxfire.
Nothing appears to happen.
The foxfire hits something. x2
The foxfire hits something but does no damage.
Something hits you.
Unknown command.
Casting: Foxfire (safe; 4% risk of failure)
Confirm with . or Enter, or press ? or * to list all spells.
You don't have enough magic to cast that spell.
Unknown command.
A magic dart appears from out of thin air!
The magic dart hits you.
A magic dart appears from out of thin air!
The magic dart hits you!
You die...

#.......# #...# # #.......#
#...# .# #.......#
#.#.##.#.# #.......#
#.#.#... ..
#######.......####.#..###.##
#...............##..........
#...............##.#...##.#
#.....(..........#.#.#.##.#
#.............@..{..........
#.#<#########....###.##.#.##
#.#.# #....# #.# ..# #.#.#
#....# #.. ... #.#.# #....#
#... .. #.#.# #....# #.##. .
#.... #..... ... .. ###.#
#...... .. .. ... #..#####


There were no monsters in sight!

Vanquished Creatures
  2 dart slugs (D:1)
  3 bats (D:1)
  A giant cockroach (D:1)
  3 goblins (D:1)
  4 hobgoblins (D:1)
  A kobold (D:1)
  2 frilled lizards (D:1)
  A rat (D:1)
17 creatures vanquished.

Vanquished Creatures (others)
  62 foxfires
62 creatures vanquished.

Grand Total: 79 creatures vanquished

Notes
Turn   | Place    | Note
-------+----------+-------------------------------------------
     0 | D:1      | robertstho the Deep Elf Fire Elementalist began the quest
                  | for the Orb.
     0 | D:1      | Reached XP level 1. HP: 10/10 MP: 6/6
   168 | D:1      | Reached XP level 2. HP: 10/15 MP: 2/8
   708 | D:1      | Reached skill level 4 in Fire Magic
   965 | D:2      | Noticed Sigmund
   982 | D:2      | Killed from afar by Sigmund

Illustrated notes

Levels and vault maps discovered:
D:1:      heliophobic_arrival_ceremonial_halls, layout_loops_ring
D:2:      layout_basic, uniq_sigmund

Skill      XL: |  1  2 |
---------------+-------+-----
Fire Magic     | 4 |  4.0
Dodging        | |  2.8
Stealth        | |  2.4
Spellcasting   | |  3.3
Conjurations   | |  1.2

Action                   || total
-------------------------++-------
Melee: Unarmed           ||     8
 Cast: Foxfire           ||    40
Armor: Robe              ||     6
Dodge: Dodged            ||    14

Table legend: (Time is in decaauts)
 A = Elapsed time spent in this place.
 B = Non-inter-level travel time spent in this place.
 C = Inter-level travel time spent in this place.
 D = Time resting spent in this place.
 E = Time spent auto-exploring this place.
 F = Levels seen in this place.
 G = Mean time per level.
                   A        B        C        D        E       F      G
               +--------+--------+--------+--------+--------+-----+--------+
         Total |    980 |    963 |     17 |      0 |    820 |   2 |  490.0 |
       Dungeon |    980 |    963 |     17 |      0 |    820 |   2 |  490.0 |
               +--------+--------+--------+--------+--------+-----+--------+

Top non-repeatable levels by time:
     D:1: 943 daAuts
     D:2: 37 daAuts
